Map: Acid Plant LE

Players

Trap

  • Race: Protoss Protoss
  • Spawn Location: 11:00

Dark - Winner!

  • Race: Zerg Zerg
  • Spawn Location: 5:00

Event: IEM Season 12 - Katowice

VOD

Have the link to the VOD?

Description

Time

  • Played on: March 3, 2018, 6:19 a.m.
  • Length: 10:03

All games in this series

Show
View Real Time Build Order
Export as new Build Order

Trap Protoss 

Build Orders: 1 Gate Expand, Oracle Opening, Phoenix Opening, Archon Immortal 

Get SALT Encoding   

  12  0:00  Probe  
  13  0:12  Probe  
  14  0:19  Pylon  
  14  0:24  Probe  
  15  0:37  Probe (Chrono Boost)  
  16  0:45  Gateway  
  16  0:47  Probe (Chrono Boost)  
  17  0:52  Probe (Chrono Boost)  
  17  0:53  Assimilator  
  18  1:03  Probe  
  19  1:16  Probe  
  20  1:25  Nexus  
  20  1:35  Cybernetics Core  
  20  1:38  Probe  
  21  1:47  Assimilator  
  21  1:50  Probe  
  22  1:55  Pylon  
  22  2:02  Probe  
  23  2:11  Adept (Chrono Boost)  
  23  2:15  Probe  
  26  2:19  Stargate  
  26  2:27  Probe (Chrono Boost), Warp Gate (Chrono Boost)  
  27  2:30  Adept (Chrono Boost)  
  29  2:38  Probe (Chrono Boost)  
  31  2:45  Probe (Chrono Boost)  
  31  2:47  Probe (Chrono Boost)  
  31  2:51  Adept (Chrono Boost), Probe (Chrono Boost)  
  33  2:52  Probe (Chrono Boost)  
  36  3:02  Oracle (Chrono Boost)  
  36  3:03  Probe  
  36  3:04  Probe  
  41  3:15  Probe  
  41  3:16  Probe, Pylon  
  43  3:29  Probe  
  43  3:30  Probe  
  43  3:33  Phoenix (Chrono Boost)  
  45  3:38  Gateway  
  43  3:41  Pylon  
  43  3:43  Probe x2  
  43  3:44  Assimilator  
  43  3:48  Assimilator  
  45  3:50  Adept  
  45  3:55  Probe x2  
  49  4:02  Pylon  
  47  4:10  Probe x2  
  47  4:14  Robotics Facility  
  49  4:23  Probe x2  
  51  4:30  Cybernetics Core  
  50  4:33  Oracle  
  50  4:35  Probe x2  
  54  4:39  Zealot x2  
  58  4:49  Probe x2  
  60  4:53  Forge  
  60  4:57  Nexus  
  60  4:59  Pylon  
  60  5:01  Warp Prism (Chrono Boost)  
  62  5:10  Twilight Council  
  62  5:20  Adept x2  
  66  5:34  Probe  
  66  5:35  Probe  
  62  5:44  Immortal  
  62  5:47  Probe x2  
  62  5:48  Protoss Ground Weapons Level 1 (Chrono Boost)  
  67  5:55  Charge, Templar Archives, Gateway  
  67  6:00  Gateway  
  67  6:07  Gateway  
  67  6:09  Gateway  
  67  6:10  Zealot  
  69  6:13  Sentry  
  69  6:17  Probe x2 (Chrono Boost)  
  74  6:19  Probe (Chrono Boost)  
  74  6:29  Probe x2 (Chrono Boost)  
  74  6:31  Psionic Storm  
  77  6:34  Probe (Chrono Boost)  
  77  6:36  Probe x2 (Chrono Boost)  
  77  6:39  Assimilator  
  80  6:40  High Templar, Observer (Chrono Boost), Assimilator  
  80  6:41  Probe  
  80  6:43  Pylon  
  83  6:47  Probe x2  
  83  6:53  Probe, Pylon  
  86  6:54  High Templar  
  88  7:01  Immortal (Chrono Boost)  
  88  7:03  Probe x2  
  88  7:05  Probe  
  95  7:11  Pylon  
  95  7:13  Pylon  
  95  7:14  High Templar  
  97  7:15  Zealot  
  99  7:23  Probe x3, Photon Cannon  
  99  7:24  High Templar  
  104  7:30  Pylon  
  104  7:31  Pylon  
  104  7:32  Immortal (Chrono Boost)  
  108  7:37  High Templar  
  108  7:42  Protoss Ground Weapons Level 2 (Chrono Boost)  
  110  7:47  Shield Battery  
  110  7:49  Photon Cannon  
  110  7:57  Robotics Facility  
  110  8:01  Immortal (Chrono Boost)  
  114  8:08  Photon Cannon  
  114  8:10  Photon Cannon  
  114  8:11  Sentry  
  116  8:15  Photon Cannon  
  116  8:16  Probe x3  
  119  8:23  Shield Battery  
  119  8:25  Pylon  
  119  8:26  High Templar x2  
  119  8:27  Zealot x2  
  125  8:29  Zealot  
  129  8:34  Immortal (Chrono Boost)  
  131  8:49  Archon  
  131  8:54  Observer (Chrono Boost)  
  132  9:00  Zealot x6  
  117  9:12  Observer (Chrono Boost)  
  117  9:16  Immortal (Chrono Boost)  
  121  9:19  Zealot x2  
  121  9:20  Zealot x4  
  131  9:29  Immortal (Chrono Boost)  
  131  9:30  Archon  
  116  9:44  Zealot x6  
Show
View Real Time Build Order
Export as new Build Order

Dark Zerg - Winner!

Build Orders: Hatch First, Lurkers 

Get SALT Encoding   

  12  0:00  Drone  
  13  0:12  Overlord  
  13  0:17  Drone  
  14  0:31  Drone x2  
  16  0:37  Drone  
  17  0:51  Hatchery  
  17  0:54  Drone  
  17  0:58  Drone  
  18  1:06  Drone  
  18  1:08  Extractor  
  18  1:17  Spawning Pool  
  17  1:21  Drone  
  18  1:28  Drone  
  19  1:39  Drone  
  20  1:51  Drone  
  21  2:03  Queen x2  
  21  2:05  Drone  
  21  2:06  Zergling x2  
  21  2:07  Metabolic Boost  
  27  2:15  Overlord  
  27  2:19  Drone  
  28  2:35  Drone  
  28  2:36  Drone  
  30  2:37  Hatchery  
  30  2:40  Drone  
  30  2:47  Overlord  
  30  2:48  Drone  
  30  2:49  Drone  
  32  2:54  Drone  
  33  3:02  Zergling x2  
  34  3:06  Zergling x2  
  34  3:12  Zergling x2  
  36  3:14  Queen x2  
  36  3:16  Zergling x4  
  36  3:17  Drone x2  
  44  3:31  Spore Crawler  
  44  3:33  Drone x3  
  44  3:37  Overlord  
  44  3:48  Drone x2  
  44  3:49  Drone x3  
  44  3:50  Drone  
  49  4:03  Drone x3  
  49  4:08  Drone x2  
  54  4:11  Drone  
  55  4:20  Drone x2  
  55  4:21  Spore Crawler  
  55  4:23  Extractor  
  54  4:25  Lair  
  54  4:27  Drone x5  
  54  4:29  Overlord  
  58  4:38  Overlord  
  58  4:39  Spore Crawler  
  58  4:41  Extractor  
  58  4:42  Evolution Chamber, Extractor  
  58  4:44  Zergling x8  
  58  4:47  Overlord  
  58  4:57  Drone x7  
  65  5:04  Drone  
  65  5:05  Overlord  
  65  5:06  Drone  
  67  5:07  Drone  
  67  5:09  Drone x2  
  67  5:10  Drone x2  
  72  5:14  Zerg Missile Weapons Level 1  
  72  5:20  Drone x2  
  74  5:25  Hydralisk Den  
  74  5:26  Drone x2  
  75  5:30  Drone x4  
  76  5:36  Drone  
  76  5:37  Drone x2  
  77  5:46  Drone x3, Extractor  
  77  5:56  Grooved Spines  
  77  5:58  Hatchery, Hydralisk  
  77  5:59  Hydralisk x2  
  77  6:00  Extractor  
  81  6:07  Overseer, Overlord x3  
  81  6:14  Drone  
  81  6:26  Hydralisk x10  
  101  6:38  Lurker Den, Hatchery  
  99  6:48  Overlord x2  
  99  6:50  Drone  
  99  6:53  Hydralisk x3  
  106  7:08  Muscular Augments  
  106  7:14  Hydralisk  
  106  7:15  Hydralisk x3  
  112  7:16  Zergling x12  
  112  7:17  Zergling x10  
  112  7:19  Zerg Missile Weapons Level 2  
  125  7:26  Overlord  
  125  7:28  Zergling x4  
  125  7:29  Zergling x2  
  128  7:31  Overlord x3  
  128  7:42  Drone x2  
  128  7:43  Drone  
  128  7:46  Hydralisk x4  
  128  7:50  Zergling x6  
  139  7:51  Hydralisk x2  
  139  7:56  Zergling x10  
  148  8:07  Lurker x3  
  148  8:08  Lurker  
  148  8:09  Lurker  
  153  8:16  Zergling x2  
  153  8:17  Zergling x14  
  153  8:18  Lurker  
  162  8:26  Lurker  
  164  8:27  Lurker  
  164  8:30  Overlord x2  
  163  8:52  Hydralisk x2  
  163  8:55  Hydralisk x3  
  153  9:01  Hydralisk x3  
  152  9:03  Zergling x12  
  152  9:07  Hydralisk x3  
  152  9:09  Zergling x8  
  159  9:11  Hydralisk x2  
  159  9:16  Hydralisk x2  
  157  9:18  Zergling x4  
  157  9:23  Hydralisk x2  
  165  9:26  Hydralisk x2  
  165  9:29  Zergling x2  
  165  9:30  Zergling x4  
  146  9:39  Hydralisk x2  
  146  9:40  Zergling x18  
  146  9:41  Zergling x8  

Tags
 
Add a new tag
Caveats
  • Supply blocks, unpowered buildings, or Contaminate may cause inaccurate times.
  • Supply counts are checked every 10 seconds.